 Dungeon Crawl Stone Soup version 0.31-a0-825-gf28bc0971e (webtiles) character file.

Game seed: 15746960741969277826

23 qw the Shooter (level 2, -1/17 HPs)
             Began as a Gargoyle Hunter on Sept 23, 2023.
             Slain by Natasha (5 damage)
             ... on level 2 of the Dungeon.
             The game lasted 00:00:17 (736 turns).

qw the Shooter (Gargoyle Hunter)                     Turns: 736, Time: 00:00:18

Health: -1/17      AC:  6    Str: 14    XL:     2   Next: 95%
Magic:  2/2        EV: 11    Int:  9    God:
Gold:   93         SH:  0    Dex: 13    Spells: 1/1 levels left

rFire   . . .        Y - +0 shortbow
rCold   . . .        (shield currently unavailable)
rNeg    + . .        c - +0 leather armour
rPois   inf          (no helmet)
rElec   +            (no cloak)
rCorr   .            h - +0 pair of gloves
SInv    .            (no boots)
Will    .....        (no amulet)
Stlth   +            (no ring)
HPRegen 0.22/turn    (no ring)
MPRegen 0.08/turn

%: no passive effects
@: no status effects
A: sickness immunity, AC +2, negative energy resistance 1, electricity
resistance, torment resistance 1, petrification resistance
a: no special abilities


You were on level 2 of the Dungeon.
You visited 1 branch of the dungeon, and saw 2 of its levels.

You collected 93 gold pieces.


Innate Abilities, Weirdness & Mutations

You are immune to sickness and miasma.
Your stone body is resilient. (AC +2)
You are immune to poison.
You resist negative energy. (rN+)
You are resistant to electric shocks. (rElec)
You are resistant to unholy torment.
You are immune to petrification.


   Skills:
 - Level 2.1 Fighting
 + Level 4.8 Ranged Weapons
 - Level 1.5 Dodging
 - Level 1.1 Stealth


You had one spell level left.
You didn't know any spells.
Your spell library was empty.

Inventory:

Hand Weapons
 Y - a +0 shortbow (weapon)
Armour
 c - a +0 leather armour (worn)
 h - a +0 pair of gloves (worn)
Potions
 e - a potion of resistance
 g - a potion of brilliance {unknown}
 j - a potion of ambrosia {unknown}

Dungeon Overview and Level Annotations

Branches:
Dungeon (2/15)

Altars:

Annotations:
D:2 Natasha


Message History

You kill the goblin!
You start to feel less resistant.
Found 4 stones.
Natasha, Servant of Life and Death comes into view.
Natasha hisses angrily.
A goblin comes into view. It is wielding a +0 dagger.
A ball python comes into view.
Natasha casts a spell at you. The magic dart hits you.
You shoot an arrow.
The arrow barely misses the ball python.
The goblin shouts!
The ball python hisses angrily.
The arrow hits the goblin.
You kill the goblin!
You shoot an arrow.
The arrow closely misses the ball python.
Your resistance to elements expires.
A rat comes into view.
You shoot an arrow. The arrow hits the ball python.
You kill the ball python!
You shoot an arrow.
The arrow hits Natasha but does no damage.
You shoot an arrow. The arrow closely misses Natasha.
The arrow hits the rat.
You kill the rat!
Natasha claws you.
You shoot an arrow. The arrow closely misses Natasha.
Natasha claws you!
You shoot an arrow.
The arrow hits Natasha but does no damage.
Natasha casts a spell at you. You resist with significant effort.
Natasha closely misses you.
You shoot an arrow. The arrow hits Natasha.
Natasha is lightly wounded.
Natasha barely misses you.
You shoot an arrow. The arrow barely misses Natasha.
Natasha misses you.
You shoot an arrow. The arrow closely misses Natasha.
Natasha claws you.
You die...
Natasha curls up and begins to purr.

#.# #.# # #.# .# #.#
.)# . #.# .... .. #.#
..... ...
####.####$..... ....
###.##...@h...%(.
..^.)##.............##.
.........)#.#####..#.#
###.##....##### .##
#............ #
####.#######.# ##. #.#
.# #.# #.# .# #..# #.#
.#.#.#


You could see Natasha.

Vanquished Creatures
  2 dart slugs (D:1)
  An endoplasm (D:1)
  A hobgoblin (D:1)
  2 quokkas (D:1)
  A ball python (D:2)
  2 bats
  A frilled lizard (D:2)
  5 goblins
  A kobold (D:1)
  4 rats
20 creatures vanquished.

Notes
Turn   | Place    | Note
-------+----------+-------------------------------------------
     0 | D:1      | qw the Gargoyle Hunter began the quest for the Orb.
     0 | D:1      | Reached XP level 1. HP: 12/12 MP: 1/1
     0 | D:1      | 0 ||| qw: Version: 0.3-a-83-gcd0e7d8
     0 | D:1      | 0 ||| qw: Game counter: 1825
     0 | D:1      | 0 ||| qw: Melee chars always use a shield: true
     0 | D:1      | 0 ||| qw: God list: Okawaru
     0 | D:1      | 0 ||| qw: Allow faded altars: false
     0 | D:1      | 0 ||| qw: Do Orc after clearing Dungeon:15 true
     0 | D:1      | 0 ||| qw: Do second Lair branch before Depths: true
     0 | D:1      | 0 ||| qw: Lair rune preference: random
     0 | D:1      | 0 ||| qw: Goals: Normal
     0 | D:1      | 0 ||| PLANNING D:1-11
   370 | D:1      | Reached XP level 2. HP: 17/17 MP: 2/2
   664 | D:1      | 664 ||| UPGRADING to +0 pair of gloves.
   669 | D:1      | 669 ||| READING scroll labelled HOOMPEFIDE.
   670 | D:1      | 670 ||| READING scroll labelled AXO OFINIEFOOTT.
   671 | D:1      | 671 ||| READING scroll labelled HAWNEUWIBBO.
   672 | D:1      | 672 ||| DRINKING 2 bubbling clear potions.
   673 | D:1      | 673 ||| DROPPING scroll of butterflies.
   726 | D:2      | Noticed Natasha
   732 | D:2      | HP: 3/17 [Natasha (8)]
   736 | D:2      | Slain by Natasha

Levels and vault maps discovered:
D:1:      co_arrival_random_square_maze, layout_loops_ring, eino_curves_03,
          serial_park_tiny_1, st_stairs_7, minmay_misc_feat_secret_circle
D:2:      layout_loops_ring, serial_shops, shop, lexackson_kobold_supper,
          uniq_natasha

Action                     || total
---------------------------++-------
   Fire: Shortbow          ||    66
    Use: Scroll            ||     3
         Potion            ||     1
 Armour: Leather armour    ||    15
  Dodge: Dodged            ||    15

Table legend:
 A = Non-vault XP
 B = Vault XP
 C = Vault XP percentage of total XP
 D = Non-vault monster count
 E = Vault monster count
 F = Vault count percentage of total count
                 A         B        C        D         E       F
            +---------+---------+-------+---------+---------+-------
      Total |      32 |       1 |   3.0 |      19 |       1 |   5.0
            +---------+---------+-------+---------+---------+-------
        D:1 |      25 |       1 |   3.8 |      13 |       1 |   7.1
        D:2 |       7 |       0 |   0.0 |       6 |       0 |   0.0
            +---------+---------+-------+---------+---------+-------
